Construct Infanterie Kompanie
Selects Terror Battlegroup
Selects Machine Gun Camouflage
Construct Luftwaffe Kompanie
Luftwaffe Officer Quarters
Selects Defend the Fatherland
Marder III M Tank Destroyer
Selects Propaganda Leaflet Drop
Marder III M Tank Destroyer
Construct Panzergrenadier Kompanie
Marder III M Tank Destroyer
Marder III M Tank Destroyer
Construct Panzergrenadier Kompanie
Nebelwerfer 42 Rocket Launcher Team
Marder III M Tank Destroyer
Selects King Tiger Heavy Tank